 Dungeon Crawl Stone Soup version 0.28.0-43-g3370ac3207 (webtiles) character file.

Game seed: 8512942494898135538

59 Ablot the Grasshopper (level 4, -2/38 HPs)
             Began as a Gnoll Warper on Mar 5, 2022.
             Slain by Sigmund
             ... wielding a +0 scythe
              (11 damage)
             ... on level 2 of the Dungeon.
             The game lasted 00:02:09 (1632 turns).

Ablot the Grasshopper (Gnoll Warper)                Turns: 1632, Time: 00:02:09

Health: -2/38      AC:  3    Str: 12    XL:     4   Next: 3%
Magic:  10/11      EV: 13    Int: 12    God:
Gold:   73         SH:  0    Dex: 12    Spells: 10/13 levels left

rFire   . . .      SeeInvis .   a - +0 spear
rCold   . . .      Faith    .   (no shield)
rNeg    . . .      Spirit   .   b - +0 leather armour
rPois   .          Reflect  .   (no helmet)
rElec   .          Harm     .   (no cloak)
rCorr   .          Rampage  .   (no gloves)
Will    .....                   (no boots)
Stlth   +.........              (no amulet)
HPRegen 0.12/turn               o - ring of wizardry
MPRegen 0.12/turn               (no ring)

@: no status effects
A: fangs 1, strong nose, distributed training
a: no special abilities


You were on level 2 of the Dungeon.
You visited 1 branch of the dungeon, and saw 2 of its levels.

You collected 73 gold pieces.

Inventory:

Hand Weapons
 a - a +0 spear (weapon)
Missiles
 d - 5 boomerangs of dispersal (quivered)
 f - 26 stones
Armour
 b - a +0 leather armour (worn)
Jewellery
 o - a ring of wizardry (left hand)
Scrolls
 c - a scroll of blinking
 g - a scroll of magic mapping {unknown}
 h - a scroll of brand weapon {unknown}
 k - a scroll of enchant armour {unknown}
 l - a scroll of immolation {unknown}
 n - a scroll of teleportation {unknown}
Potions
 e - a potion of degeneration {unknown}
 j - a potion of haste {unknown}
 m - a potion of heal wounds {unknown}


   Skills:
 + Level 4.6 Fighting
 + Level 1.0 Short Blades
 + Level 1.0 Long Blades
 + Level 1.0 Axes
 + Level 1.0 Maces & Flails
 + Level 4.6 Polearms
 + Level 1.0 Staves
 + Level 1.0 Slings
 + Level 1.0 Bows
 + Level 1.0 Crossbows
 + Level 2.7 Throwing
 + Level 2.7 Armour
 + Level 4.6 Dodging
 + Level 1.0 Stealth
 + Level 1.0 Shields
 + Level 1.0 Unarmed Combat
 + Level 5.0 Spellcasting
 + Level 0.7 Conjurations
 + Level 0.7 Hexes
 + Level 0.7 Summonings
 + Level 0.7 Necromancy
 + Level 5.4 Translocations
 + Level 0.7 Transmutations
 + Level 0.7 Fire Magic
 + Level 0.7 Ice Magic
 + Level 0.7 Air Magic
 + Level 0.7 Earth Magic
 + Level 0.7 Poison Magic
 + Level 1.1 Invocations
 + Level 1.0 Evocations


You had 10 spell levels left.
You knew the following spells:

 Your Spells              Type           Power      Damage    Failure   Level
a - Blink                 Tloc           32%        N/A       1%          2
b - Slow                  Hex            16%        N/A       8%          1

Your spell library contained the following spells:

 Spells                   Type           Power      Damage    Failure   Level
 Gell's Gravitas          Tloc           16%        N/A       3%          3
 Lesser Beckoning         Tloc           16%        N/A       3%          3
 Teleport Other           Tloc           16%        N/A       3%          3
 Confusing Touch          Hex            4%         N/A       22%         3
 Vampiric Draining        Necr           4%         2d6       22%         3
 Manifold Assault         Tloc           16%        N/A       28%         5


Dungeon Overview and Level Annotations

Branches:
Dungeon (2/15)

Altars:

Annotations:
D:2 1 runed translucent door, 2 exclusions, Sigmund


Innate Abilities, Weirdness & Mutations

You have very sharp teeth.
Your uncanny sense of smell can sniff out nearby items.
Your experience applies equally to all skills.


Message History

The net rips apart, and Sigmund comes free!
Reach: a) +0 spear
Press: ? - help, Dir - move target, f/p - Sigmund
Aim: Sigmund, wielding a +0 scythe and wearing a +0 robe (heavily wounded, about 39% to evade your +0 spear)
You reach to attack!
You closely miss Sigmund.
Sigmund is heavily wounded.
Unknown command.
Reach: a) +0 spear
Press: ? - help, Dir - move target, f/p - Sigmund
Aim: Sigmund, wielding a +0 scythe and wearing a +0 robe (heavily wounded, about 39% to evade your +0 spear)
You reach to attack!
You hit Sigmund.
Sigmund is severely wounded.
Sigmund misses you.
Reach: a) +0 spear
Press: ? - help, Dir - move target, f/p - Sigmund
Aim: Sigmund, wielding a +0 scythe and wearing a +0 robe (severely wounded, about 39% to evade your +0 spear)
You reach to attack!
You hit Sigmund.
Sigmund is severely wounded.
Unknown command.
Reach: a) +0 spear
Press: ? - help, Dir - move target, f/p - Sigmund
Aim: Sigmund, wielding a +0 scythe and wearing a +0 robe (severely wounded, about 39% to evade your +0 spear)
You reach to attack!
You hit Sigmund.
Sigmund is almost dead.
Sigmund hits you from afar with a +0 scythe!
* * * LOW HITPOINT WARNING * * *
Casting: Slow (safe; 8% risk of failure)
Confirm with . or Enter, or press ? or * to list all spells.
Aiming: Slow (safe; 8% risk of failure)
Press: ? - help, Shift-Dir - straight line, f/p - Sigmund
Aim: Sigmund, wielding a +0 scythe and wearing a +0 robe (almost dead, chance to affect: 49%) Sigmund seems to slow down.
Unknown command.
Reach: a) +0 spear
Press: ? - help, Dir - move target, f/p - Sigmund
Aim: Sigmund, wielding a +0 scythe and wearing a +0 robe (almost dead, slow, about 39% to evade your +0 spear)
You reach to attack!
You barely miss Sigmund.
Sigmund is almost dead.
Sigmund hits you from afar with a +0 scythe!
You die...

#.# ###.##### ##+##
........# ##...##
#######.# ##.....##
# #.# ##.......## #
#.####.........####
#
#....+.....@...+..
#
#.####.........#..
# #.# #...@...##.#
#######.#
##....†###.#
........# ##...##
#<# ####.#### ##'##
#.# #.# #.# #.# #.#
##.#####.. #.#
#.......## #.#
##.......# #.#
#........#


You could see Sigmund (slow).

Vanquished Creatures
  2 adders (D:2)
  A worm (D:2)
  A dart slug (D:2)
  3 bats (D:1)
  2 endoplasms
  4 goblins
  4 hobgoblins
  7 jackals
  2 quokkas (D:2)
  2 ball pythons (D:2)
  2 frilled lizards
  2 kobolds
32 creatures vanquished.

Notes
Turn   | Place    | Note
-------+----------+-------------------------------------------
     0 | D:1      | Ablot the Gnoll Warper began the quest for the Orb.
     0 | D:1      | Reached XP level 1. HP: 20/20 MP: 6/6
    68 | D:1      | Reached XP level 2. HP: 7/26 MP: 7/7
    79 | D:1      | Learned a level 2 spell: Blink
   745 | D:2      | Reached skill level 5 in Spellcasting
   745 | D:2      | Reached XP level 3. HP: 16/31 MP: 7/9
  1067 | D:2      | Reached skill level 1 in Invocations
  1225 | D:2      | Found a runed translucent door.
  1354 | D:2      | Reached skill level 1 in Short Blades
  1354 | D:2      | Reached skill level 1 in Long Blades
  1354 | D:2      | Reached skill level 1 in Axes
  1354 | D:2      | Reached skill level 1 in Maces & Flails
  1354 | D:2      | Reached skill level 1 in Staves
  1354 | D:2      | Reached skill level 1 in Slings
  1354 | D:2      | Reached skill level 1 in Bows
  1354 | D:2      | Reached skill level 1 in Crossbows
  1354 | D:2      | Reached skill level 1 in Stealth
  1354 | D:2      | Reached skill level 1 in Shields
  1354 | D:2      | Reached skill level 1 in Unarmed Combat
  1354 | D:2      | Reached skill level 1 in Evocations
  1568 | D:2      | Reached XP level 4. HP: 35/38 MP: 11/11
  1602 | D:2      | Learned a level 1 spell: Slow
  1610 | D:2      | Noticed Sigmund
  1632 | D:2      | Slain by Sigmund

Illustrated notes

Levels and vault maps discovered:
D:1:      eino_arrival_water_cross, layout_rooms, minmay_box_of_dots
D:2:      layout_loops_corners, serial_undead, serial_undead_b, serial_undead_d,
          serial_undead_b, serial_undead_c, uniq_crazy_yiuf_cottage,
          uniq_sigmund

Skill      XL: |  1  2  3 |
---------------+----------+-----
Spellcasting   | 5 |  5.0
Invocations    | 1 |  1.1
Short Blades   | 1 |  1.0
Long Blades    | 1 |  1.0
Axes           | 1 |  1.0
Maces & Flails | 1 |  1.0
Staves         | 1 |  1.0
Slings         | 1 |  1.0
Bows           | 1 |  1.0
Crossbows      | 1 |  1.0
Stealth        | 1 |  1.0
Shields        | 1 |  1.0
Unarmed Combat | 1 |  1.0
Evocations     | 1 |  1.0
Fighting       | |  4.6
Polearms       | |  4.6
Throwing       | |  2.7
Armour         | |  2.7
Dodging        | |  4.6
Conjurations   | |  0.7
Hexes          | |  0.7
Summonings     | |  0.7
Necromancy     | |  0.7
Translocations | |  5.4
Transmutations | |  0.7
Fire Magic     | |  0.7
Ice Magic      | |  0.7
Air Magic      | |  0.7
Earth Magic    | |  0.7
Poison Magic   | |  0.7

Action                   |  1- 3 |  4- 6 || total
-------------------------+-------+-------++-------
Melee: Spear             |   139 |    17 ||   156
       Bite              |    12 |       ||    12
       Punch             |     1 |       ||     1
Throw: Throwing net      |       |     1 ||     1
 Cast: Slow              |       |     2 ||     2
 Stab: Sleeping          |     2 |       ||     2
       Held in net/web   |       |     1 ||     1
Armor: Leather armour    |    26 |       ||    26
Dodge: Dodged            |    68 |     3 ||    71
